 Dungeon Crawl Stone Soup version 0.22-a0-412-g2b68d14 (webtiles) character file.

17077 Patate the Thrower (level 12, -1/126 HPs)
             Began as a Troll Hunter on May 12, 2018.
             Was a Priest of Trog.
             Slain by a komodo dragon (25 damage)
             ... on level 1 of the Lair of Beasts.
             The game lasted 00:39:13 (12175 turns).

Patate the Thrower (Troll Hunter)                  Turns: 12175, Time: 00:39:14

Health: -1/126     AC:  6    Str: 23    XL:     12   Next: 15%
Magic:  0/11       EV: 14    Int:  7    God:    Trog [***...]
Gold:   758        SH:  0    Dex: 17    Spells: 11/11 levels left

rFire    . . .     SeeInvis .     - Unarmed
rCold    . . .     Gourm    +   (no shield)
rNeg     . . .     Faith    .   b - +1 robe
rPois    +         Spirit   +   (helmet restricted)
rElec    .         Reflect  .   h - scarf {Spirit}
rCorr    .         Harm     .   (gloves unavailable)
MR       .....                  (boots unavailable)
Stlth    ++........             v - amulet of magic regeneration
HPRegen  0.71/turn              k - +3 ring of dexterity
MPRegen  0.37/turn              u - ring of poison resistance

@: slowed, very slow
A: large, unfitting armour, claws 3, fast metabolism 3, gourmand, regeneration
1, shaggy fur 1, tough skin 2
a: Berserk, Trog's Hand, Renounce Religion


You were on level 1 of the Lair of Beasts.
You worshipped Trog.
Trog was most pleased with you.
You were completely stuffed.

You visited 3 branches of the dungeon, and saw 13 of its levels.
You also visited: Sewer.

You collected 758 gold pieces.

Inventory:

Missiles
 A - 7 large rocks (quivered)
Armour
 b - a +1 robe (worn)
 h - a scarf of spirit shield (worn)
 i - a +0 cloak
Jewellery
 k - a +3 ring of dexterity (left claw)
 q - an uncursed ring of protection from magic
 u - a ring of poison resistance (right claw)
 v - an amulet of magic regeneration (around neck)
 x - an uncursed ring of see invisible
Wands
 j - a wand of disintegration (30)
 t - a wand of flame (31)
 w - a wand of scattershot (11)
 B - a wand of polymorph (20)
Scrolls
 d - a scroll of magic mapping
 l - 9 scrolls of teleportation
 s - 2 scrolls of enchant armour
 y - a scroll of remove curse
 C - a scroll of identify
Potions
 a - 5 potions of curing
 c - a potion of cancellation
 e - a potion of might
 g - 2 potions of agility
 m - 6 potions of brilliance
 n - 7 potions of heal wounds
 o - 3 potions of ambrosia
 p - 4 potions of haste
 z - a potion of flight
 D - a potion of resistance {unknown}
Comestibles
 f - 24 rations
 r - 5 chunks of flesh


   Skills:
 + Level 9.9 Fighting
 * Level 10.9 Throwing
 - Level 7.0 Dodging
 - Level 0.3 Stealth
 - Level 9.0 Unarmed Combat


You had 11 spell levels left.
You didn't know any spells.
Your spell library was empty.

Dungeon Overview and Level Annotations

Branches:
Dungeon (10/15)            Temple (1/1) D:6            Lair (2/6) D:10
    Orc (0/2) D:9
  Swamp: Lair:2-4    Shoals: Lair:2-4     Snake: Lair:2-4    Spider: Lair:2-4

Altars:
Ashenzari
Cheibriados
Dithmenos
Elyvilon
Fedhas
Gozag
Hepliaklqana
Kikubaaqudgha
Makhleb
Nemelex Xobeh
Okawaru
Qazlal
Ru
Sif Muna
Trog
Uskayaw
Vehumet
Wu Jian
Xom
Yredelemnul
Zin
The Shining One

Shops:
D:7 %   D:8 =


Innate Abilities, Weirdness & Mutations

You are too large for most types of armour.
You have claws for hands.
Your metabolism is lightning-fast.
You like to eat raw meat.
Your natural rate of healing is unusually fast.
You are covered in fur. (AC +1)
You have very tough skin. (AC +2)


Message History

Okay, then.
Okay, then.
Okay, then.
The water moccasin barely misses you. The komodo dragon bites you!
* * * LOW HITPOINT WARNING * * *
The yak gores you!
* * * LOW HITPOINT WARNING * * *
The porcupine bites you but does no damage.
The water moccasin bites you but does no damage.
The komodo dragon bites you.
* * * LOW HITPOINT WARNING * * *
You feel much better. The water moccasin bites you.
* * * LOW HITPOINT WARNING * * *
The porcupine bites you but does no damage.
The yak gores you.
* * * LOW HITPOINT WARNING * * *
The water moccasin bites you.
* * * LOW HITPOINT WARNING * * *
The komodo dragon bites you!!
You die...

####### ### ##
#P##.P########.####.
#...................
##.w............#####
#####..Sl..##P#.##..#
#...>.Yr@..#######..#####
#.##...Y#..## #..#P##.
#..######[.P######.......
#.#####.............#####
#.###.#.#...#.##.#.......
##.P##..............######
#..###.)......##P#..# #
#.## #........####..# #
#.# #......#.## #..# #


You could see a torpor snail, a komodo dragon, 2 yaks, a water moccasin and a
porcupine.

Vanquished Creatures
  The ghost of Armakuni the Holy Warrior, a journeyman DrMo of the Shining One (Lair:1)
  Fannar (Lair:1)
  2 two-headed ogres
  Sonja (Lair:1)
  The ghost of Salmacis the Cleaver, a novice MiBe of Trog (D:6)
  A black mamba (Lair:1)
  A spiny frog (Lair:1)
  7 gargoyles
  A komodo dragon (Lair:1)
  Prince Ribbit (D:5)
  4 hippogriffs
  Sigmund (D:5)
  A spriggan (D:10)
  A wraith (D:9)
  Eustachio (D:5)
  A yak (D:10)
  3 wargs (D:9)
  3 water moccasins
  Duvessa (D:4)
  6 porcupines
  2 sky beasts
  5 orc warriors
  6 black bears
  3 ogres
  4 ice beasts
  2 phantoms (D:8)
  6 wolves (Lair:1)
  8 centaurs
  3 big kobolds
  10 bullfrogs
  A gnoll sergeant (D:6)
  A wyvern zombie (D:10)
  Dowan (D:4)
  2 scorpions
  12 killer bees (D:10)
  6 howler monkeys
  5 crimson imps
  A quasit (D:7)
  2 bullfrog zombies
  A centaur skeleton (D:10)
  3 jellies
  6 orc priests
  3 hounds
  Crazy Yiuf (D:3)
  2 bullfrog skeletons (D:4)
  14 orc wizards
  18 worker ants
  4 hound skeletons
  Robin (D:3)
  11 adders
  11 gnolls
  3 shadow imps
  4 oozes
  4 worms
  A dart slug (D:1)
  4 leopard geckos
  35 orcs
  6 bats
  15 giant cockroaches
  14 goblins (D:3)
  17 hobgoblins
  20 jackals
  5 quokkas
  7 ball pythons
  4 frilled lizards
  23 kobolds
  2 leopard gecko skeletons
  2 quokka skeletons
  A quokka zombie (D:5)
  7 rats
  A fungus (D:10)
369 creatures vanquished.

Vanquished Creatures (others)
  16 fungi (D:10)
  A plant (D:10)
17 creatures vanquished.

Grand Total: 386 creatures vanquished

Notes
Turn   | Place    | Note
-------+----------+-------------------------------------------
     0 | D:1      | Patate the Troll Hunter began the quest for the Orb.
     0 | D:1      | Reached XP level 1. HP: 19/19 MP: 0/0
   158 | D:1      | Reached XP level 2. HP: 28/28 MP: 1/1
   350 | D:1      | Reached skill level 4 in Throwing
   947 | D:2      | Reached XP level 3. HP: 32/35 MP: 2/2
  1572 | D:2      | Reached XP level 4. HP: 31/44 MP: 3/3
  1766 | D:3      | Found a hide-covered altar of Uskayaw.
  1900 | D:3      | Noticed Robin
  1916 | D:3      | Killed Robin
  1929 | D:3      | Reached skill level 5 in Throwing
  2313 | D:3      | Reached XP level 5. HP: 44/50 MP: 4/4
  2526 | D:3      | Found a runed door.
  2657 | D:3      | Noticed Crazy Yiuf
  2659 | D:3      | Killed Crazy Yiuf
  2853 | D:4      | Found a glowing drain.
  2875 | Sewer    | Entered a sewer
  2907 | Sewer    | Reached XP level 6. HP: 19/61 MP: 5/5
  3131 | Sewer    | Reached skill level 6 in Throwing
  3528 | D:4      | Found a shattered altar of Ashenzari.
  3545 | D:4      | Noticed Duvessa
  3556 | D:4      | Noticed Dowan
  3709 | D:4      | Reached XP level 7. HP: 58/68 MP: 6/6
  3718 | D:4      | Killed Duvessa
  3718 | D:4      | Reached skill level 7 in Throwing
  3725 | D:4      | Killed Dowan
  3725 | D:4      | Reached skill level 1 in Unarmed Combat
  4423 | D:5      | Entered Level 5 of the Dungeon
  4514 | D:5      | Noticed Prince Ribbit
  4525 | D:5      | HP: 3/71 [centaur (5)]
  4528 | D:5      | Reached XP level 8. HP: 22/79 MP: 7/7
  4546 | D:5      | Killed Prince Ribbit
  4546 | D:5      | Reached skill level 5 in Fighting
  4546 | D:5      | Reached skill level 5 in Unarmed Combat
  4807 | D:5      | Noticed Eustachio
  4828 | D:5      | Killed Eustachio
  4874 | D:5      | Noticed Sigmund
  4889 | D:5      | Killed Sigmund
  5428 | D:6      | Noticed Salmacis's ghost (novice MiBe)
  5561 | D:6      | Reached XP level 9. HP: 87/89 MP: 8/8
  5610 | D:6      | Found a staircase to the Ecumenical Temple.
  5616 | Temple   | Entered the Ecumenical Temple
  5741 | Temple   | Became a worshipper of Trog the Wrathful
  5789 | D:6      | Found an ornate altar of the Wu Jian Council.
  6027 | D:6      | Killed Salmacis's ghost
  6350 | D:6      | Reached * piety under Trog
  6681 | D:7      | Reached skill level 5 in Dodging
  6742 | D:7      | Found a white marble altar of Elyvilon.
  6742 | D:7      | Found a deep blue altar of Sif Muna.
  6943 | D:7      | Reached ** piety under Trog
  7213 | D:7      | Reached XP level 10. HP: 96/102 MP: 9/9
  7393 | D:7      | Found Ahouv's Food Shoppe.
  7710 | D:8      | Upgraded the game from 0.22-a0-410-g97be04f to 0.22-a0-412-g2b68d14
  8005 | D:8      | Found a snail-covered altar of Cheibriados.
  8469 | D:8      | Found Zuocuck's Jewellery Emporium.
  8728 | D:8      | Noticed a gargoyle
  8744 | D:8      | Killed a gargoyle
  8792 | D:8      | Noticed a gargoyle
  8799 | D:8      | Killed a gargoyle
  8851 | D:8      | Noticed a gargoyle
  8855 | D:8      | Killed a gargoyle
  8860 | D:8      | Noticed a gargoyle
  8868 | D:8      | Killed a gargoyle
  8968 | D:8      | Noticed a gargoyle
  8974 | D:8      | Killed a gargoyle
  8980 | D:8      | Noticed a gargoyle
  8993 | D:8      | Killed a gargoyle
  9238 | D:9      | Reached *** piety under Trog
  9436 | D:9      | Reached XP level 11. HP: 85/113 MP: 8/10
  9695 | D:9      | Noticed a two-headed ogre
  9708 | D:9      | Killed a two-headed ogre
  9789 | D:9      | Found a staircase to the Orcish Mines.
  9921 | D:9      | Reached skill level 8 in Throwing
  9980 | D:10     | Entered Level 10 of the Dungeon
 10261 | D:10     | Found a staircase to the Lair.
 10289 | D:10     | Received a gift from Trog
 10476 | D:10     | Reached skill level 9 in Throwing
 10835 | D:10     | Received a gift from Trog
 10862 | D:10     | Noticed a two-headed ogre
 10872 | D:10     | Killed a two-headed ogre
 11155 | Lair:1   | Entered Level 1 of the Lair of Beasts
 11316 | Lair:1   | Noticed Fannar
 11327 | Lair:1   | Killed Fannar
 11327 | Lair:1   | Reached skill level 10 in Throwing
 11343 | Lair:1   | Noticed Armakuni's ghost (journeyman DrMo)
 11364 | Lair:1   | Killed Armakuni's ghost
 11502 | Lair:1   | Reached XP level 12. HP: 112/126 MP: 11/11
 11599 | Lair:1   | Noticed Sonja
 11600 | Lair:1   | Killed Sonja
 11888 | Lair:1   | Reached **** piety under Trog
 12175 | Lair:1   | Slain by a komodo dragon

Vault maps used:
D:1:      sevenhm_arrival_forest_fort_small_1, interstate_on_off,
          minmay_heptomino_h4
D:2:      first_ration
D:3:      cheibrodos_greedy_goblins, old_standard_altar,
          uniq_crazy_yiuf_cottage, uniq_robin
D:4:      evilmike_ruin_ashenzari, gup_sewer_entry_pipe,
          kennysheep_generic_room_4, uniq_duvessa
D:5:      uniq_sigmund, uniq_eustachio, uniq_prince_ribbit1
D:6:      old_standard_altar, minmay_temple_entry_hall
D:7:      gammafunk_temple_overflow_elements, serial_shops,
          nicolae_shop_crystal, centaur_isle
D:8:      cheibrodos_statue_roulette, cheibriados_altar_1, serial_shops, shop
D:9:      minmay_orc_entry_guard_dogs
D:10:     due_lair_maze_entry_diamond, the_bakery
Temple:   nicolae_temple_elliptical
Lair:1:   uniq_fannar, uniq_sonja
Lair:2:   grunt_megastairs_1
Sewer:    kennysheep_pipe_town

Skill      XL: |  1  2  3  4  5  6  7  8  9 10 11 |
---------------+----------------------------------+-----
Throwing       | 4 5 6 7 10 | 10.9
Fighting       | 2 3 4 5 7 8 9 |  9.9
Unarmed Combat | 3 6 7 9 |  9.0
Dodging        | 5 7 |  7.0
Stealth        | |  0.3

Action                   |  1- 3 |  4- 6 |  7- 9 | 10-12 || total
-------------------------+-------+-------+-------+-------++-------
Melee: Unarmed           |   142 |   270 |   289 |   566 ||  1267
       Punch             |       |       |     6 |    16 ||    22
Throw: Large rock        |       |     9 |    46 |    11 ||    66
       Tomahawk          |       |       |    12 |     6 ||    18
       Throwing net      |       |       |     2 |       ||     2
Invok: Trog's Hand       |       |       |       |     7 ||     7
       Berserk           |       |       |       |     4 ||     4
Evoke: Wand              |       |       |       |     1 ||     1
  Use: Scroll            |     4 |     8 |     3 |     9 ||    24
       Potion            |       |     1 |     4 |     1 ||     6
 Stab: Sleeping          |     4 |     1 |       |       ||     5
  Eat: Chunk             |    19 |    21 |    33 |    52 ||   125
Armor: Robe              |    69 |   131 |    71 |   100 ||   371
Dodge: Dodged            |   105 |   168 |   167 |   362 ||   802

Table legend:
 A = Spawn XP
 B = Non-spawn XP
 C = Spawn XP percentage of total XP
 D = Spawn monster count
 E = Non-spawn monster count
 F = Spawn count percentage of total count
 G = Total turns spent on level
                    A         B        C        D         E        F      G
               +---------+---------+-------+---------+---------+-------+---------
         Total |       0 |   24396 |   0.0 |       0 |     368 |   0.0 | 12175
               +---------+---------+-------+---------+---------+-------+---------
           D:1 |       0 |      39 |   0.0 |       0 |      19 |   0.0 |   881
           D:2 |       0 |      66 |   0.0 |       0 |      21 |   0.0 |   871
           D:3 |       0 |     165 |   0.0 |       0 |      32 |   0.0 |   951
           D:4 |       0 |     649 |   0.0 |       0 |      36 |   0.0 |  1290
           D:5 |       0 |    1489 |   0.0 |       0 |      20 |   0.0 |  1066
           D:6 |       0 |    1890 |   0.0 |       0 |      37 |   0.0 |  1021
           D:7 |       0 |    1702 |   0.0 |       0 |      40 |   0.0 |  1013
           D:8 |       0 |    3872 |   0.0 |       0 |      34 |   0.0 |  1495
           D:9 |       0 |    2619 |   0.0 |       0 |      32 |   0.0 |   801
          D:10 |       0 |    5201 |   0.0 |       0 |      52 |   0.0 |  1175
        Lair:1 |       0 |    6465 |   0.0 |       0 |      21 |   0.0 |  1015
         Sewer |       0 |     239 |   0.0 |       0 |      24 |   0.0 |   430
               +---------+---------+-------+---------+---------+-------+---------
